 Dungeon Crawl Stone Soup version 0.29.1-2-gbd0b4ee654 (webtiles) character file.

Game seed: 94815450743403737

5652 Ivernyr the Transmogrifier (level 10, -10/71 HPs)
             Began as an Octopode Transmuter on Oct 30, 2022.
             Was a Believer of Cheibriados.
             Shot with an arrow by a centaur (11 damage)
             ... on level 8 of the Dungeon.
             The game lasted 00:22:30 (10226 turns).

Ivernyr the Transmogrifier (Octopode Transmuter)   Turns: 10226, Time: 00:22:31

Health: -10/71     AC:  6    Str: 18    XL:     10   Next: 74%
Magic:  20/20      EV: 20    Int: 30    God:    Cheibriados [**....]
Gold:   383        SH:  0    Dex: 22    Spells: 10/22 levels left

rFire   . . .      SeeInvis .     - Unarmed
rCold   + + +      Faith    .   (shield currently unavailable)
rNeg    . . .      Spirit   .   (helmet currently unavailable)
rPois   x          Reflect  .   (no amulet)
rElec   .          Harm     .   l - ring "Zaluoh" {rC++ AC+4 Str+2}
rCorr   +          Rampage  .   n - +6 ring of intelligence
Will    +....                   v - ring of willpower
Stlth   ++........              w - ring of resist corrosion
HPRegen 0.21/turn               p - ring of fire
MPRegen 0.17/turn               s - ring of ice
                                z - ring of protection from cold
                                (no ring)

@: spider-form, studying Polearms, very slow
A: venomous fangs, almost no armour, (amphibious), 8 rings, tiny, (camouflage
1), (gelatinous body 1), (nimble swimmer 1), (tentacles)
a: End Transformation, Renounce Religion, Bend Time


You were on level 8 of the Dungeon.
You worshipped Cheibriados.
Cheibriados was pleased with you.
You were a venomous arachnid creature.
You visited 2 branches of the dungeon, and saw 9 of its levels.
You also visited: Bailey.

You collected 403 gold pieces.
You spent 20 gold pieces at shops.

Inventory:

Missiles
 d - a throwing net
Armour
 E - the +10 tower shield of Ignorance {rN+ Int-4}
   (You found it in a bailey)

   Int:       It affects your intelligence (-4).
   rN:        It protects you from negative energy.
Jewellery
 l - the ring "Zaluoh" (left front leg) {rC++ AC+4 Str+2}
   (You found it on level 3 of the Dungeon)

   [ring of protection]

   AC:        It affects your AC (+4).
   Str:       It affects your strength (+2).
   rC:        It greatly protects you from cold.
 n - a +6 ring of intelligence (right front leg)
 p - a ring of fire (on tentacle)
 s - a ring of ice (on tentacle)
 v - a ring of willpower (on tentacle)
 w - a ring of resist corrosion (on tentacle)
 z - a ring of protection from cold (on tentacle)
Wands
 q - a wand of paralysis (11)
 x - a wand of roots (7)
 y - a wand of digging (3)
 B - a wand of polymorph (17)
Scrolls
 b - 2 scrolls of silence {unknown}
 f - 2 scrolls of poison
 g - 2 scrolls of amnesia
 i - 2 scrolls of blinking
 m - 4 scrolls of teleportation
 t - 2 scrolls of vulnerability
 u - a scroll of enchant weapon
 G - a scroll of enchant armour {unknown}
Potions
 a - 2 potions of lignification
 c - 6 potions of heal wounds
 e - a potion of degeneration {unknown}
 h - 7 potions of curing
 j - 2 potions of invisibility {unknown}
 k - 2 potions of flight {unknown}
 o - a potion of haste {unknown}
 r - 2 potions of mutation {unknown}
 A - 2 potions of attraction
 C - 2 potions of brilliance
 D - 2 potions of magic {unknown}
 F - a potion of cancellation {unknown}


   Skills:
 + Level 7.0 Fighting
 - Level 2.0 Dodging
 + Level 7.7 Unarmed Combat
 + Level 6.7 Spellcasting
 + Level 9.7 Transmutations
 + Level 3.2 Invocations


You had 10 spell levels left.
You knew the following spells:

 Your Spells              Type           Power      Damage    Failure   Level
a - Beastly Appendage     Tmut           100%       N/A       1%          1
b - Wereblood             Tmut           62%        N/A       1%          2
c - Spider Form           Tmut/Pois      39%        N/A       8%          3
d - Ice Form              Ice/Tmut       56%        N/A       19%         4
e - Blink                 Tloc           20%        N/A       21%         2

Your spell library contained the following spells:

 Spells                   Type           Power      Damage    Failure   Level
 Passwall                 Tmut/Erth      32%        N/A       5%          2
 Ignite Poison            Fire/Tmut/Pois 44%        N/A       12%         3
 Necrotise                Necr           40%        1d6       14%         1
 Ensorcelled Hibernation  Hex/Ice        30%        N/A       21%         2
 Conjure Flame            Conj/Fire      15%        6-21      32%         3
 Lesser Beckoning         Tloc           10%        N/A       32%         3
 Swiftness                Air            10%        N/A       32%         3
 Vampiric Draining        Necr           10%        2d6       32%         3
 Passage of Golubria      Tloc           10%        N/A       65%         4
 Sticky Flame             Conj/Fire      15%        2d4       65%         4
 Agony                    Necr           10%        N/A       92%         5
 Manifold Assault         Tloc           10%        N/A       92%         5
 Silence                  Hex/Air        5%         N/A       92%         5
 Lehudib's Crystal Spear  Conj/Erth      5%         10d3      100%        8


Dungeon Overview and Level Annotations

Branches:
Dungeon (8/15)             Temple (1/1) D:5          Bailey (visited)
   Lair: D:8-11

Altars:
Ashenzari
Cheibriados
Dithmenos
Elyvilon
Fedhas
Hepliaklqana
Kikubaaqudgha
Makhleb
Nemelex Xobeh
Qazlal
Ru
Sif Muna
Trog
Uskayaw
Vehumet
Wu Jian
Xom
Yredelemnul
The Shining One

Shops:
D:6 ?   D:7 =(   D:8 !


Innate Abilities, Weirdness & Mutations

You are a venomous arachnid creature.
You have poisonous fangs.
You are tiny and dextrous.
Your spellcasting is less reliable in this form.
Your armour is entirely melded.
You are incapable of wielding weapons or throwing items.
You cannot wear most types of armour.
((You are amphibious.))
You can wear up to eight rings at the same time.
((Your skin changes colour to match your surroundings (Stealth+).))
((Your rubbery body absorbs attacks. (AC +1, EV +1)))
((You are camouflaged when in or above water. (Stealth+)))
((You have tentacles for arms and can constrict up to eight enemies at once.))


Message History

You hit the killer bee.
The killer bee is heavily wounded.
You feel very sick.
The killer bee completely misses you. x2
You hit the killer bee.
The killer bee is poisoned.
The killer bee is severely wounded.
You hiss as the wereblood boils in your veins!
You feel very sick. The killer bee barely misses you.
You bite the killer bee!
You feel a bit better.
You kill the killer bee!
Cheibriados thoroughly appreciates the change of pace.
You feel sick.
You start resting.
You feel sick.
You feel very sick.
You feel sick. x11
You are no longer poisoned.
You start resting.
Magic restored.
You start resting.
You hear a shout!
A centaur comes into view. It is wielding a +0 short sword.
The centaur unwields a +0 short sword.
The centaur wields a +0 shortbow.
The centaur shoots an arrow.
The arrow hits you.
* * * LOW HITPOINT WARNING * * *
Your primal bloodlust is almost over.
The centaur shoots an arrow.
The arrow completely misses you.
The centaur shoots an arrow.
The arrow hits you!
* * * LOW HITPOINT WARNING * * *
The centaur shoots an arrow.
The arrow misses you.
You hiss as the wereblood boils in your veins!
Your primal bloodlust has ended.
The centaur shoots an arrow.
The arrow closely misses you.
The centaur shoots an arrow.
The arrow completely misses you.
The centaur shoots an arrow.
The arrow barely misses you.
The centaur shoots an arrow.
The arrow completely misses you.
The centaur shoots an arrow.
The arrow hits you!
* * * LOW HITPOINT WARNING * * *
The centaur shoots an arrow.
The arrow hits you!
You die...

... ##..........# #...
##..........# #..##
##...##......#
#..###..####...#..#
#.....## ##.....# ##.....#
#...#.. #..##..# #...#..
####...<..## ##..... ♣
#.#..s.....## #..... #.♣♣.
#..........#####.....
#....##c#######......#.....
#...# #........##.. #...##
#.......####. #....##..###
##..###..# ##
..♣♣.#.#...###..## #..# #
♣..##.......## #.## #
..c##†.###...# ##.##


You could see a centaur.

Vanquished Creatures
  Pikel (D:4)
  An ugly thing (D:6)
  Joseph (D:7)
  A gargoyle (Bailey)
  Maggie (D:6)
  Grinder (D:5)
  A vampire (Bailey)
  A shadow (D:6)
  Eustachio (D:4)
  Edmund (D:6)
  A water moccasin (D:7)
  A black bear (D:6)
  An ice beast (D:7)
  2 sky beasts (D:6)
  2 ogres
  2 centaurs
  2 phantoms
  A lemure (D:4)
  Blork the orc (D:5)
  2 bullfrogs (D:7)
  A necrophage (D:6)
  A gnoll sergeant (D:6)
  2 scorpions
  5 wights (D:6)
  3 killer bees (D:8)
  6 vampire bats (Bailey)
  5 wolf zombies (Bailey)
  A howler monkey (D:5)
  4 orc priests
  2 jellies
  Crazy Yiuf (D:5)
  2 gnoll boudas
  Ijyb (D:4)
  Natasha (thrice) (D:4)
  5 iguanas
  An orc wizard (D:4)
  16 gnolls
  8 adders
  2 white imps (D:6)
  2 ufetubi
  2 worms
  5 dart slugs
  7 orcs
  9 endoplasms
  3 giant cockroaches
  9 goblins
  13 hobgoblins
  2 jackals (D:3)
  7 kobolds
  3 quokkas
  4 ball pythons
  7 bats
  A frilled lizard (D:1)
  22 orc zombies (Bailey)
  6 rats
196 creatures vanquished.

Notes
Turn   | Place    | Note
-------+----------+-------------------------------------------
     0 | D:1      | Ivernyr the Octopode Transmuter began the quest for the
                  | Orb.
     0 | D:1      | Reached XP level 1. HP: 13/13 MP: 3/3
   192 | D:1      | Reached XP level 2. HP: 18/18 MP: 5/5
   201 | D:1      | Learned a level 2 spell: Wereblood
   652 | D:1      | Reached XP level 3. HP: 23/23 MP: 6/6
   661 | D:1      | Learned a level 3 spell: Spider Form
  1514 | D:2      | Reached skill level 3 in Transmutations
  1514 | D:2      | Reached XP level 4. HP: 26/29 MP: 3/7
  1601 | D:2      | You fall into a shaft and drop 2 floors!
  2022 | D:3      | Identified the ring "Zaluoh" {rC++ AC+4 Str+2}
  2142 | D:3      | Found a shadowy altar of Dithmenos.
  2423 | D:3      | Noticed an ogre
  2440 | D:3      | Killed an ogre
  2441 | D:3      | Reached XP level 5. HP: 35/35 MP: 5/9
  2871 | D:4      | Noticed a phantom
  2896 | D:4      | Killed a phantom
  2897 | D:4      | Reached skill level 4 in Transmutations
  2897 | D:4      | Reached XP level 6. HP: 21/41 MP: 7/10
  3136 | D:4      | Noticed Ijyb
  3148 | D:4      | Killed Ijyb
  3199 | D:4      | Noticed Pikel
  3234 | D:4      | Killed Pikel
  3235 | D:4      | Reached skill level 5 in Transmutations
  3235 | D:4      | Reached XP level 7. HP: 32/47 MP: 8/13
  3364 | D:4      | Reached XP level 8. HP: 45/54 MP: 11/14
  3446 | D:4      | Noticed Natasha
  3465 | D:4      | Killed Natasha
  3503 | D:4      | Reached skill level 5 in Unarmed Combat
  3503 | D:4      | Reached skill level 6 in Transmutations
  3767 | D:4      | Learned a level 4 spell: Ice Form
  3789 | D:4      | Noticed Eustachio
  3811 | D:4      | Killed Eustachio
  4072 | D:4      | Noticed Natasha
  4086 | D:4      | Killed Natasha
  4137 | D:4      | Noticed Natasha
  4147 | D:4      | Killed Natasha
  4404 | D:5      | Entered Level 5 of the Dungeon
  4423 | D:5      | Noticed Grinder
  4445 | D:5      | Paralysed by Grinder for 3 turns
  4458 | D:5      | Killed Grinder
  4459 | D:5      | Reached skill level 7 in Transmutations
  4794 | D:5      | Noticed Blork the orc
  4803 | D:5      | Killed Blork the orc
  4804 | D:5      | Reached XP level 9. HP: 55/60 MP: 13/16
  4933 | D:5      | Reached skill level 5 in Fighting
  4958 | D:5      | Found a staircase to the Ecumenical Temple.
  4997 | D:5      | Identified the +10 short sword "Hellblazer" {venom, rC- rN+
                  | Int+3 Dex+5}
  5065 | D:5      | Reached skill level 5 in Spellcasting
  5301 | D:5      | Found a runed translucent door.
  5302 | D:5      | Noticed Crazy Yiuf
  5425 | D:5      | Killed Crazy Yiuf
  5500 | D:6      | Noticed a brown ugly thing
  5521 | D:6      | Killed a brown ugly thing
  5522 | D:6      | Reached skill level 8 in Transmutations
  6363 | D:6      | Found Nomaponn's Magic Scroll Emporium.
  6514 | D:6      | Noticed Maggie
  6531 | D:6      | Killed Maggie
  6846 | D:6      | Reached skill level 9 in Transmutations
  6846 | D:6      | Reached XP level 10. HP: 67/68 MP: 12/18
  7093 | Temple   | Entered the Ecumenical Temple
  7382 | Temple   | Became a worshipper of Cheibriados the Contemplative
  7581 | D:6      | Noticed Edmund
  7592 | D:6      | Killed Edmund
  7846 | D:6      | Bought a scroll of identify for 20 gold pieces
  7970 | D:7      | Found Rappobuv's Weapon Shop.
  8023 | D:7      | Noticed Joseph
  8033 | D:7      | Killed Joseph
  8034 | D:7      | Reached skill level 1 in Invocations
  8034 | D:7      | Found a flagged portal.
  8042 | Bailey   | Entered a bailey
  8118 | Bailey   | Reached * piety under Cheibriados
  8552 | Bailey   | Found the +10 tower shield of Ignorance {rN+ Int-4}
  8767 | Bailey   | Noticed a gargoyle
  8773 | Bailey   | Killed a gargoyle
  8773 | Bailey   | Reached ** piety under Cheibriados
  9152 | D:7      | Learned a level 2 spell: Blink
  9594 | D:7      | Found Zyuss's Jewellery Boutique.
 10134 | D:8      | Found Ecathraxe's Distillery.
 10226 | D:8      | HP: 1/71 [centaur/arrow (10)]
 10226 | D:8      | Shot with an arrow by a centaur

Illustrated notes

Levels and vault maps discovered:
D:1:      dpeg_cavernosity, layout_rooms
D:2:      layout_basic
D:3:      layout_basic, general_overflow_altar, minmay_misc_feat_iff,
          chequers_serial_rivers_small_b, minmay_misc_feat_tiny
D:4:      layout_cave_pools, minmay_diced_spiral, uniq_natasha, uniq_pikel,
          uniq_ijyb, uniq_eustachio
D:5:      layout_basic, minmay_temple_entry_from_below_a, uniq_grinder,
          uniq_crazy_yiuf_cottage, uniq_blork_the_orc
D:6:      layout_basic, hangedman_decor_diamond_cutter,
          nicolae_inconvenience_store, hex_medium, minmay_manual_moon,
          uniq_maggie, uniq_edmund
D:7:      layout_basic, serial_shops, nicolae_shop_bloodbath_and_beyond, shop,
          enter_bailey_2, uniq_joseph
D:8:      layout_layer_cave, pdpol_temple_overflow_zin_treasury_gozag_greed,
          serial_shops, shop, nicolae_eternal_life
Temple:   dpeg_five_rooms_temple

Skill      XL: |  1  2  3  4  5  6  7  8  9 10 |
---------------+-------------------------------+-----
Transmutations | 3 4 5 7 9 |  9.7
Fighting       | 2 3 4 6 7 |  7.0
Spellcasting   | 3 4 5 6 |  6.7
Unarmed Combat | 4 5 6 7 |  7.7
Invocations    | 3 |  3.2
Dodging        | |  2.0

Action                   |  1- 3 |  4- 6 |  7- 9 | 10-12 || total
-------------------------+-------+-------+-------+-------++-------
Melee: Unarmed           |    88 |   108 |   235 |   194 ||   625
       Constrict         |    31 |    15 |    11 |     2 ||    59
       Tentacles         |    25 |     9 |    13 |     1 ||    48
       Kick              |     6 |     9 |       |       ||    15
       Punch             |       |     3 |     1 |     2 ||     6
 Cast: Beastly Appendage |     4 |     3 |       |       ||     7
       Wereblood         |     3 |     1 |     9 |     9 ||    22
       Spider Form       |       |     4 |    21 |     6 ||    31
       Ice Form          |       |       |     1 |     9 ||    10
  Use: Scroll            |       |       |       |     8 ||     8
       Potion            |       |       |       |     1 ||     1
 Stab: Sleeping          |     2 |     6 |     1 |     1 ||    10
       Distracted        |     1 |       |       |       ||     1
Armor: Skin              |    11 |    23 |    36 |    80 ||   150
Dodge: Dodged            |    50 |    64 |   131 |   149 ||   394
